 Dungeon Crawl Stone Soup version 0.20.0-15-g7f486f2 (webtiles) character file.

2923 greprep the Blocker (level 9, -2/75 HPs)
             Began as a Minotaur Fighter on June 11, 2017.
             Was a Follower of Qazlal.
             Slain by a two-headed ogre
             ... wielding a +0 giant club
              (11 damage)
             ... on level 8 of the Dungeon.
             The game lasted 00:15:57 (9216 turns).

greprep the Blocker (Minotaur Fighter)              Turns: 9216, Time: 00:15:58

Health: -2/75      AC: 11    Str: 22    XL:     9   Next: 50%
Magic:  9/9        EV: 10    Int:  5    God:    Qazlal [*.....]
Gold:   294        SH: 13    Dex: 12    Spells: 8/8 levels left

rFire    . . .     SeeInvis .   h - +1 whip (vamp)
rCold    . . .     Gourm    .   c - +0 shield
rNeg     . . .     Faith    .   b - +0 scale mail
rPois    .         Spirit   .   (helmet restricted)
rElec    .         Reflect  .   A - +0 cloak
rCorr    .         Harm     .   (no gloves)
MR       .....                  l - +1 pair of boots {run}
Stlth    ..........             (no amulet)
Regen    0.3/turn               (no ring)
MPRegen  0.2/turn               (no ring)

@: quick
A: retaliatory headbutt, horns 2
a: Renounce Religion


You were on level 8 of the Dungeon.
You worshipped Qazlal.
Qazlal was aware of your devotion.
You were hungry.

You visited 2 branches of the dungeon, and saw 9 of its levels.

You collected 438 gold pieces.
You spent 144 gold pieces at shops.

Inventory:

Hand Weapons
 a - a +0 long sword
 h - a +1 vampiric whip (weapon)
Armour
 b - a +0 scale mail (worn)
 c - a +0 shield (worn)
 l - a +1 pair of boots of running (worn)
 A - a +0 cloak (worn)
Wands
 B - a wand of flame (0/48)
Scrolls
 e - 6 scrolls of remove curse
 i - a scroll of fear
 k - 6 scrolls of teleportation
 o - a scroll of enchant weapon {unknown}
 q - a scroll of random uselessness {unknown}
 s - a scroll of noise {unknown}
 u - 2 scrolls of fog
 y - a scroll of identify
 C - 2 scrolls of amnesia
Potions
 d - a potion of might
 g - a potion of flight
 j - a potion of haste
 n - a potion of berserk rage
 p - a potion of resistance
 r - a potion of cancellation {unknown}
 t - 2 potions of magic
 v - a potion of invisibility {unknown}
 w - a potion of degeneration {unknown}
 z - a potion of lignification {unknown}
 E - a potion of curing {unknown}
Books
 D - a book of Misfortune

   Spells                             Type                      Level
   a - Confusing Touch                Hexes                        1
   b - Confuse                        Hexes                        3
   c - Gell's Gravitas                Translocation                3
   d - Petrify                        Transmutation/Earth          4
   e - Metabolic Englaciation         Hexes/Ice                    5
   f - Yara's Violent Unravelling     Hexes/Transmutation          5
Comestibles
 f - 4 bread rations
 m - a royal jelly
 x - 5 fruits


   Skills:
 + Level 6.1 Fighting
 - Level 4.3 Long Blades
 * Level 8.4 Maces & Flails
 + Level 8.0 Armour
 + Level 3.3 Dodging
 + Level 8.5 Shields
 * Level 2.6 Invocations


You had 8 spell levels left.
You didn't know any spells.

Dungeon Overview and Level Annotations

Branches:
Dungeon (8/15)             Temple (1/1) D:6
   Lair: D:8-11

Altars:
Ashenzari
Dithmenos
Gozag
Hepliaklqana
Kikubaaqudgha
Makhleb
Nemelex Xobeh
Okawaru
Qazlal
Uskayaw
Vehumet
Xom
Zin

Shops:
D:4 ?


Innate Abilities, Weirdness & Mutations

You reflexively headbutt those who attack you in melee.
You have a pair of horns on your head.


Message History

The two-headed ogre is moderately wounded.
You hit the two-headed ogre.
You feel better.
You headbutt the two-headed ogre.
The two-headed ogre is moderately wounded.
The two-headed ogre hits you with a giant club!
The two-headed ogre hits you with a giant spiked club!
You hit the two-headed ogre but do no damage.
You headbutt the two-headed ogre.
The two-headed ogre is heavily wounded.
You hit the two-headed ogre but do no damage.
The two-headed ogre is heavily wounded.
You hit the two-headed ogre.
You feel better.
The two-headed ogre is heavily wounded.
You block the two-headed ogre's attack.
The two-headed ogre hits you with a giant spiked club.
You whack the two-headed ogre! You headbutt the two-headed ogre!
The two-headed ogre is severely wounded.
The two-headed ogre hits you with a giant club!!
* * * LOW HITPOINT WARNING * * *
The two-headed ogre hits you with a giant spiked club!
You die...

>. ....
##.... ##..
#.. #.. #.#
###.# #.#
#...# #.#
#..####O#
##...##@# ..
###..#.# #..
##...##......
#..##......
#..#..#....
####.....#...
#............
#.......###.#
#..##..###
#Z#


You could see a two-headed ogre.

Vanquished Creatures
  Pikel (D:6)
  A hungry ghost (D:7)
  Edmund (D:6)
  Purgy (D:3)
  A slave (D:6)
  4 ogres
  4 centaurs
  2 big kobolds (D:7)
  2 bullfrogs
  A killer bee (D:6)
  A howler monkey (D:7)
  4 crimson imps
  A hound (D:4)
  A jelly (D:6)
  7 orc wizards
  5 orc priests (D:4)
  Crazy Yiuf (D:4)
  2 iguanas (D:5)
  7 worker ants
  Robin (D:3)
  8 adders
  7 gnolls
  3 oozes
  A worm (D:3)
  3 dart slugs
  4 leopard geckos
  29 orcs
  10 bats
  6 giant cockroaches
  16 hobgoblins
  9 jackals
  A quokka (D:5)
  A ball python (D:2)
  4 frilled lizards
  19 goblins
  A jackal skeleton (D:6)
  15 kobolds
  A quokka zombie (D:6)
  5 rats
191 creatures vanquished.

Vanquished Creatures (others)
  2 slaves (D:6)
  2 scorpions (D:6)
  An orc priest (D:6)
  2 orcs (D:6)
7 creatures vanquished.

Grand Total: 198 creatures vanquished

Notes
Turn   | Place    | Note
-------+----------+-------------------------------------------
     0 | D:1      | greprep the Minotaur Fighter began the quest for the Orb.
     0 | D:1      | Reached XP level 1. HP: 19/19 MP: 0/0
   130 | D:1      | Reached XP level 2. HP: 27/27 MP: 1/1
   709 | D:1      | Reached XP level 3. HP: 33/33 MP: 2/2
  1025 | D:2      | Identified a +1 pair of boots of running (You found it on level 2 of the Dungeon)
  2139 | D:3      | Reached XP level 4. HP: 38/40 MP: 3/3
  2203 | D:3      | Noticed Robin
  2254 | D:4      | Found Willin Suuh's Magic Scroll Boutique.
  2402 | D:4      | Reached XP level 5. HP: 32/46 MP: 4/4
  2773 | D:3      | Killed Robin
  3126 | D:3      | Reached skill level 5 in Shields
  3204 | D:3      | Reached skill level 5 in Armour
  3794 | D:3      | Noticed Purgy
  3809 | D:3      | Killed Purgy
  3809 | D:3      | Reached skill level 1 in Maces & Flails
  3809 | D:3      | Reached skill level 1 in Dodging
  3809 | D:3      | Reached XP level 6. HP: 49/53 MP: 5/5
  4052 | D:4      | Bought a scroll of remove curse for 36 gold pieces
  4052 | D:4      | Bought a scroll of teleportation for 36 gold pieces
  4052 | D:4      | Bought a scroll of fog for 24 gold pieces
  4052 | D:4      | Bought a scroll of identify for 24 gold pieces
  4052 | D:4      | Bought a scroll of identify for 24 gold pieces
  4130 | D:4      | Found an ancient bone altar of Kikubaaqudgha.
  4190 | D:4      | Reached skill level 5 in Fighting
  4195 | D:4      | Reached XP level 7. HP: 23/61 MP: 6/6
  4449 | D:4      | Found a hide-covered altar of Uskayaw.
  5392 | D:4      | Found a runed door.
  5586 | D:4      | Noticed Crazy Yiuf
  5595 | D:4      | Killed Crazy Yiuf
  5767 | D:5      | Entered Level 5 of the Dungeon
  5815 | D:5      | Found a hide-covered altar of Uskayaw.
  6500 | D:6      | Noticed Edmund
  6524 | D:6      | Killed Edmund
  6524 | D:6      | Reached skill level 5 in Maces & Flails
  6524 | D:6      | Reached XP level 8. HP: 68/68 MP: 7/7
  6542 | D:6      | Noticed Pikel
  6572 | D:6      | Killed Pikel
  7202 | D:6      | Found a staircase to the Ecumenical Temple.
  7213 | Temple   | Entered the Ecumenical Temple
  7221 | Temple   | Became a worshipper of Qazlal Stormbringer
  7403 | D:6      | Found a burning altar of Makhleb.
  7404 | D:6      | Found a radiant altar of Vehumet.
  7827 | D:7      | Reached XP level 9. HP: 46/75 MP: 8/8
  7903 | D:7      | Reached skill level 1 in Invocations
  8063 | D:7      | Found a shimmering altar of Xom.
  8120 | D:7      | Reached * piety under Qazlal
  8869 | D:8      | Noticed a two-headed ogre
  9216 | D:8      | Slain by a two-headed ogre

Skill      XL: |  1  2  3  4  5  6  7  8  9 |
---------------+----------------------------+-----
Shields        | 4 5 6 7 8 |  8.5
Fighting       | 4 5 6 |  6.1
Armour         | 4 5 6 7 8 |  8.0
Long Blades    | 3 4 |  4.3
Maces & Flails | 1 2 5 7 8 |  8.4
Dodging        | 1 2 3 |  3.3
Invocations    | 2 |  2.6

Action                   |  1- 3 |  4- 6 |  7- 9 || total
-------------------------+-------+-------+-------++-------
Melee: Long sword        |   144 |   107 |       ||   251
       Headbutt          |    25 |    33 |   111 ||   169
       Whip              |       |    86 |   445 ||   531
  Use: Scroll            |       |     5 |     4 ||     9
  Eat: Bread ration      |     1 |       |     1 ||     2
       Fruit             |       |     4 |     2 ||     6
       Meat ration       |       |     1 |       ||     1
       Chunk             |       |     2 |     8 ||    10
       Royal jelly       |       |       |     1 ||     1
Armor: Scale mail        |    72 |   107 |   102 ||   281
Dodge: Dodged            |    33 |    60 |   120 ||   213
Block: Shield            |    94 |   114 |   201 ||   409
       Rpst.: Long sword |     7 |     4 |       ||    11
